 Dungeon Sprint DCSS version 0.19.0-2-gae57169 (webtiles) character file.

60 poirepourri the Summoner (level 4, -1/24 HPs)
             Began as a Tengu Summoner on Nov 3, 2016.
             Slain by Sigmund
             ... wielding a +0 scythe
              (9 damage)
             ... in the Dungeon (Sprint I: "Red Sonja").
             The game lasted 00:01:28 (425 turns).

poirepourri the Summoner (Tengu Summoner)            Turns: 425, Time: 00:01:29

Health: -1/24      AC:  2    Str:  8    XL:     4   Next: 4%
Magic:  0/10       EV: 13    Int: 17    God:
Gold:   54         SH:  0    Dex: 14    Spells: 4 memorised, 1 level left

rFire  . . .     SeeInvis .     j - +0 dagger
rCold  . . .     Gourm    .     a - +0 robe
rNeg   . . .     Faith    .     (no shield)
rPois  .         Spirit   .     (helmet restricted)
rElec  .         Reflect  .     (no cloak)
rCorr  .         Harm     .     (no gloves)
MR     .....     NoTele   +     (boots unavailable)
Stlth  ++........               (no amulet)
                                (no ring)
                                (no ring)

@: no status effects
A: beak, talons 3
a: no special abilities


You were in the Dungeon.
You were not hungry.

You visited 1 branch You collected 54 gold pieces.

Inventory:

Hand Weapons
 j - a +0 dagger (weapon)
Armour
 a - a +0 robe (worn)
Scrolls
 i - a scroll of blinking
Potions
 d - a potion of curing
 e - a potion of heal wounds
 f - a potion of haste
 g - a potion of magic
 h - a potion of berserk rage
Books
 b - a book of Callings

   Spells                             Type                      Level
   a - Summon Small Mammal            Summoning                    1
   b - Call Imp                       Summoning                    2
   c - Call Canine Familiar           Summoning                    3
   d - Summon Guardian Golem          Hexes/Summoning              3
   e - Summon Lightning Spire         Summoning/Air                4
   f - Summon Ice Beast               Ice/Summoning                4
Comestibles
 c - a bread ration


   Skills:
 + Level 2.5 Dodging
 + Level 2.8 Stealth
 + Level 3.6 Spellcasting
 + Level 8.9 Summonings


You had one spell level left.
You knew the following spells:

 Your Spells              Type           Power        Failure   Level  Hunger
a - Summon Small Mammal   Summ           ####         1%          1    None
b - Call Imp              Summ           ####....     1%          2    ##.....
c - Call Canine Familiar  Summ           ####....     1%          3    ###....
d - Summon Guardian Gole  Hex/Summ       ###.....     10%         3    ###....


Dungeon Overview and Level Annotations

Branches:
Dungeon (1/1)

Altars:

Annotations:
D Sigmund


Innate Abilities, Weirdness & Mutations

You have a beak for a mouth.
You have claws for feet.


Message History

Your quokka dies!
Your quokka's corpse disappears in a puff of smoke!
Sigmund shouts!
Your quokka bites Sigmund.
Your quokka bites Sigmund but does no damage.
Your quokka bites Sigmund.
Sigmund points at you and mumbles some strange words.
The magic dart hits your quokka.
Your quokka dies!
Your quokka's corpse disappears in a puff of smoke!
Your quokka closely misses Sigmund.
Sigmund casts a spell at you. You resist with some effort.
Your quokka closely misses Sigmund.
Sigmund closely misses you.
Your quokka completely misses Sigmund.
Casting: Summon Small Mammal
Confirm with . or Enter, or press ? or * to list all spells.
Your quokka closely misses Sigmund.
Sigmund hits you from afar with a scythe!
You die...

#############
#<.#r.'..#..+
#..'@.#§.'..#
#.@#####'####
#..# #..#
#.r# ####
#..# #⌠⌠#
####


You could see Sigmund and 2 friendly quokkas.

Vanquished Creatures
  Ijyb (D)
1 creature vanquished.

Vanquished Creatures (collateral kills)
  An ogre (D)
1 creature vanquished.

Grand Total: 2 creatures vanquished

Notes
Turn   | Place    | Note
-------+----------+-------------------------------------------
     0 | D        | poirepourri the Tengu Summoner began the quest for the Orb.
     0 | D        | Reached XP level 1. HP: 10/10 MP: 4/4
     6 | D        | Noticed Ijyb
    25 | D        | Killed Ijyb
    25 | D        | Reached skill level 7 in Summonings
    25 | D        | Reached XP level 2. HP: 14/15 MP: 1/6
   187 | D        | Noticed an ogre
   211 | D        | Killed an ogre
   211 | D        | Reached skill level 8 in Summonings
   211 | D        | Reached XP level 3. HP: 19/19 MP: 2/9
   211 | D        | Reached XP level 4. HP: 24/24 MP: 2/10
   353 | D        | Learned a level 2 spell: Call Imp
   357 | D        | Learned a level 3 spell: Call Canine Familiar
   361 | D        | Learned a level 3 spell: Summon Guardian Golem
   364 | D        | Noticed Sigmund
   425 | D        | Slain by Sigmund

Skill      XL: |  1  2 |
---------------+-------+-----
Summonings     | 7 8 |  8.9
Spellcasting   | 3 |  3.6
Dodging        | |  2.5
Stealth        | |  2.8

Action                   |  1- 3 |  4- 6 || total
-------------------------+-------+-------++-------
Melee: Unarmed           |     7 |       ||     7
       Peck              |     2 |     2 ||     4
       Kick              |     1 |     1 ||     2
       Dagger            |       |     4 ||     4
 Cast: Summon Small Mamm |    16 |     8 ||    24
       Summon Guardian G |       |     3 ||     3
  Use: Potion            |     1 |       ||     1
 Stab: Sleeping          |       |     1 ||     1
Armor: Robe              |     2 |       ||     2
Dodge: Dodged            |     4 |     3 ||     7
